 Dungeon Crawl Stone Soup version 0.30.1-9-gdf580d7c3d (webtiles) character file.

Game seed: 8260980788086045864

188 Anriel the Shooter (level 5, -6/32 HPs)
             Began as a Deep Elf Hunter on Oct 23, 2023.
             Killed from afar by Grinder (13 damage)
             ... with a bolt of light
             ... on level 5 of the Dungeon.
             The game lasted 00:18:03 (3182 turns).

Anriel the Shooter (Deep Elf Hunter)                Turns: 3182, Time: 00:18:04

Health: -6/32      AC:  8    Str:  8    XL:     5   Next: 39%
Magic:  7/7        EV: 13    Int: 14    God:
Gold:   256        SH:  0    Dex: 20    Spells: 4/4 levels left

rFire   . . .        a - +1 shortbow (elec)
rCold   . . .        (shield currently unavailable)
rNeg    . . .        c - +0 leather armour
rPois   .            k - +1 helmet
rElec   .            (no cloak)
rCorr   .            r - +2 pair of gloves
SInv    .            (no boots)
Will    .....        (no amulet)
Stlth   +            (no ring)
HPRegen 0.25/turn    (no ring)
MPRegen 0.10/turn

%: no passive effects
@: confused, invisible
A: no striking features
a: no special abilities


You were on level 5 of the Dungeon.
You visited 1 branch of the dungeon, and saw 5 of its levels.

You collected 256 gold pieces.

Inventory:

Hand Weapons
 a - a +1 shortbow of electrocution (weapon)
Armour
 c - a +0 leather armour (worn)
 k - a +1 helmet (worn)
 r - a +2 pair of gloves (worn)
Jewellery
 o - a ring of magical power
 u - a +6 ring of strength
Wands
 v - a wand of paralysis (2)
Scrolls
 b - 4 scrolls of immolation
 m - a scroll of magic mapping {unknown}
 q - a scroll of silence
Potions
 d - a potion of resistance
 e - a potion of invisibility
 f - a potion of haste {unknown}
 g - a potion of lignification {unknown}
 h - a potion of heal wounds {unknown}
 i - a potion of might {unknown}
 j - 2 potions of magic
 l - 2 potions of flight
 n - a potion of mutation {unknown}
 p - a potion of curing {unknown}
 s - a potion of brilliance {unknown}
 t - a potion of attraction {unknown}


   Skills:
 * Level 3.4 Fighting
 - Level 5.3 Ranged Weapons
 + Level 4.0 Dodging
 + Level 3.5 Stealth


You had 4 spell levels left.
You didn't know any spells.
Your spell library contained the following spells:

 Spells                   Type           Power      Damage    Failure   Level
 Sting                    Tmut/Pois      0%         1d3       38%         1
 Poisonous Vapours        Pois/Air       0%         N/A       54%         2
 Sublimation of Blood     Necr           0%         N/A       54%         2
 Wereblood                Tmut           0%         N/A       54%         2
 Olgreb's Toxic Radiance  Pois           0%         N/A       99%         4
 Summon Hydra             Summ           0%         N/A       100%        7


Dungeon Overview and Level Annotations

Branches:
Dungeon (5/15)
 Temple: D:4-7

Altars:
Nemelex Xobeh
Xom

Shops:
D:4 !

Annotations:
D:4 Duvessa
D:5 Grinder, Prince Ribbit


Message History

You shoot an arrow. The arrow hits the orc.
The orc is almost dead.
Fire: a) +1 shortbow (elec)
Press: ? - help, Q - select action Shift-Dir - straight line, f/p - orc
Aim: an orc, wielding a +0 whip (almost dead, 66% to hit)
You shoot an arrow. The arrow barely misses the orc.
Fire: a) +1 shortbow (elec)
Press: ? - help, Q - select action Shift-Dir - straight line, f/p - orc
Aim: an orc, wielding a +0 whip (almost dead, 66% to hit)
You shoot an arrow. The arrow hits the orc.
You kill the orc!
Things that are here:
a +0 whip; an orc corpse You now have 256 gold pieces (gained 12).
Found a chain mail.
Found an ivory wand.
v - a wand of paralysis (2) Grinder comes into view.
She is carrying a wand of light (6).
Found a silvery potion.
Grinder gestures at you. You resist with significant effort.
You shoot an arrow.
The arrow hits Grinder but does no damage.
Grinder hits you.
You shoot an arrow. The arrow hits Grinder!
Lightning courses through Grinder!
Grinder is heavily wounded.
Grinder gestures at you. Pain shoots through your body!
Grinder barely misses you.
You shoot an arrow. The arrow barely misses Grinder.
Grinder zaps a wand.
The bolt of light hits you.
You are confused.
Okay, then.
You closely miss Grinder.
Grinder is heavily wounded.
Grinder hits you!
You writhe in agony.
* * * LOW HITPOINT WARNING * * *
You fade into invisibility!
You feel less confused.
Grinder zaps a wand.
The bolt of light hits you!
You are confused.
You die...

#####..# #.....#.#
#..#######.....#.#
#..........[...#.#
##.#######..#....#
#..[.......#....###
#.######.#####....#
#.# #...#....#.#
#.. ###5#....#.#
### #.@..### #
####.# #.# #.# #.#
..# ##


You could see Grinder (unable to see you).

Vanquished Creatures
  2 hounds (D:4)
  3 gnolls (D:3)
  2 adders
  A dart slug (D:3)
  4 orcs
  5 bats
  8 endoplasms
  5 giant cockroaches
  4 goblins
  9 hobgoblins
  5 jackals
  A quokka (D:1)
  7 ball pythons
  3 frilled lizards
  6 kobolds
  5 rats
70 creatures vanquished.

Notes
Turn   | Place    | Note
-------+----------+-------------------------------------------
     0 | D:1      | Anriel the Deep Elf Hunter began the quest for the Orb.
     0 | D:1      | Reached XP level 1. HP: 12/12 MP: 3/3
   200 | D:1      | Reached XP level 2. HP: 17/17 MP: 4/4
   787 | D:2      | Reached XP level 3. HP: 19/21 MP: 5/5
  1836 | D:3      | Reached XP level 4. HP: 27/27 MP: 6/6
  2184 | D:3      | Found a shimmering altar of Xom.
  2370 | D:4      | Reached XP level 5. HP: 32/32 MP: 7/7
  2515 | D:4      | Found Kekhlul's Distillery.
  2843 | D:4      | Noticed Duvessa
  2848 | D:5      | Entered Level 5 of the Dungeon
  2906 | D:5      | Noticed Prince Ribbit
  2974 | D:5      | Found a sparkling altar of Nemelex Xobeh.
  3177 | D:5      | Noticed Grinder
  3182 | D:5      | Killed from afar by Grinder

Illustrated notes

Levels and vault maps discovered:
D:1:      dpeg_arrival_refuge, layout_basic
D:2:      layout_basic, minivault_5, minmay_pentomino_o4
D:3:      wad_crossroads, layout_basic, tgw_xom, minmay_misc_feat_enclosed
D:4:      layout_layer_cave, serial_shops, nicolae_shop_industrial_runoff,
          uniq_duvessa
D:5:      layout_loops_ring, mainiacjoe_overflow_alcove_4,
          pdpol_wu_jian_five_deadly_venoms, minmay_small_thing,
          uniq_prince_ribbit1, uniq_grinder

Skill      XL: |  1  2  3  4  5 |
---------------+----------------+-----
Fighting       | 2 3 |  3.4
Stealth        | 2 3 |  3.5
Dodging        | 3 4 |  4.0
Ranged Weapons | |  5.3

Action                     |  1- 3 |  4- 6 || total
---------------------------+-------+-------++-------
  Melee: Shortbow          |       |     1 ||     1
   Fire: Shortbow          |   133 |    75 ||   208
    Use: Scroll            |     7 |     4 ||    11
         Potion            |       |     1 ||     1
 Armour: Leather armour    |    13 |    13 ||    26
  Dodge: Dodged            |    36 |    18 ||    54
